 Dungeon Crawl Stone Soup version 0.26-a0-707-g31817bcca1 (webtiles) character file.

Game seed: 9717159989777438427

793662 Peloso the Minotaur Barricade (level 27, -17/273 HPs)
             Began as a Minotaur Fighter on Oct 25, 2020.
             Was the Champion of Okawaru.
             Killed from afar by a Killer Klown (42 damage)
             ... with a klown pie
             ... on level 16 of a ziggurat on Oct 26, 2020.
             The game lasted 05:45:35 (93759 turns).

Peloso the Minotaur Barricade (Minotaur Fighter)   Turns: 93759, Time: 05:45:36

Health: -17/273    AC:  0    Str: 29    XL:     27
Magic:  29/29      EV: 33    Int:  5    God:    Okawaru [******]
Gold:   10504      SH:  0    Dex: 13    Spells: 28/28 levels left

rFire    + . .     SeeInvis .     - Unarmed
rCold    . . .     Faith    +   (shield currently unavailable)
rNeg     + . .     Spirit   .   (armour currently unavailable)
rPois    .         Reflect  .   (helmet currently unavailable)
rElec    .         Harm     .   (cloak currently unavailable)
rCorr    .         Rampage  .   (gloves currently unavailable)
MR       +++..     Rnd*Rage +   (boots currently unavailable)
Stlth    ++++++....             I - amulet "Xaonotei" {Faith rF+ rN+}
HPRegen  0.55/turn              (ring currently unavailable)
MPRegen  0.21/turn              (ring currently unavailable)

@: lethally poisoned (-17 -> -18), pig-form, heroism, no potions, berserk
cooldown, slowed
A: small, (retaliatory headbutt), berserk 1, clumsy 1, low mp 1, magic
resistance 1
}: 4/15 runes: decaying, slimy, silver, gossamer
a: Heroism, Finesse, Renounce Religion


You were on level 16 of a ziggurat.
You worshipped Okawaru.
Okawaru was exalted by your worship.
You were a filthy swine.
You visited 14 branches of the dungeon, and saw 60 of its levels.
You visited 1 ziggurat, and saw 16 of its levels.
You also visited: Sewer, Gauntlet and Ice Cave.

You collected 16799 gold pieces.
You spent 6295 gold pieces at shops.

Inventory:

Hand Weapons
 a - a +9 double sword of flaming (melded)
 b - a +9 vorpal double sword
 A - a +2 eudemon blade of holy wrath
 X - the +7 Singing Sword {vorpal, sonic wave}
   (You found it on level 13 of a ziggurat)

   It inflicts extra damage upon your enemies.
Armour
 c - a +2 hat of magic resistance (melded)
 i - the +0 kite shield of the Armadillo {Rampage +Blink MR+ Stlth+}
   (Okawaru gifted it to you on level 3 of the Realm of Zot)

   It affects your resistance to hostile enchantments.
   It lets you blink.
   It bestows one free step when moving towards enemies.
   It makes you more stealthy.
 j - the +4 dragonskin cloak (melded)
   (You took it off Tiamat on level 5 of the Depths)
 p - the +2 pair of gloves of Dogmatism (melded) {Slay+3}
   (You found it on level 5 of the Vaults)

   It affects your accuracy and damage with ranged weapons and melee attacks
   (+3).
 D - the +18 shield of the Gong (melded) {rElec rN+ MR+ EV-5}
   (You found it on level 5 of the Vaults)

   It affects your evasion (-5).
   It insulates you from electricity.
   It protects you from negative energy.
   It affects your resistance to hostile enchantments.
 S - the +0 pair of boots "Jiomosath" (melded) {Str+4 Int+2}
   (Okawaru gifted it to you on level 1 of the Spider Nest)

   It affects your strength (+4).
   It affects your intelligence (+2).
 W - the +8 plate armour of Time Monsters (melded) {Harm MR+ rCorr Int-4}
   (Okawaru gifted it to you on level 7 of the Dungeon)

   It affects your intelligence (-4).
   It affects your resistance to hostile enchantments.
   It provides partial protection from all sources of acid and corrosion.
   It increases damage dealt and taken.
 Y - the +8 plate armour of Cowardice {rC+ Str+4}
   (You found it on level 14 of a ziggurat)

   It affects your strength (+4).
   It protects you from cold.
Jewellery
 u - a +4 ring of slaying
 F - the ring of Joguh (melded) {Wiz rC++ Int+5}
   (You found it on level 9 of a ziggurat)

   [ring of wizardry]

   It improves your spell success rate.
   It affects your intelligence (+5).
   It greatly protects you from cold.
 I - the amulet "Xaonotei" (around neck) {Faith rF+ rN+}
   (You bought it in a shop on level 5 of the Dungeon)

   [amulet of faith]

   It allows you to gain divine favour quickly.
   It protects you from fire.
   It protects you from negative energy.
 O - the ring of Wyjinn (melded) {rF+ rC- Str+5 Int+2 Dex+6}
   (You found it in a Gauntlet)

   [ring of dexterity]

   It affects your strength (+5).
   It affects your intelligence (+2).
   It affects your dexterity (+6).
   It protects you from fire.
   It makes you vulnerable to cold.
Wands
 y - a wand of digging (1)
 Q - a wand of acid (6)
Scrolls
 d - 36 scrolls of remove curse
 e - 4 scrolls of enchant weapon
 g - 20 scrolls of identify
 h - 15 scrolls of fear
 k - 7 scrolls of blinking
 l - 22 scrolls of teleportation
 q - 6 scrolls of enchant armour
 r - 4 scrolls of amnesia
 x - 6 scrolls of noise
 z - a scroll of brand weapon
 K - a scroll of silence
 M - 10 scrolls of magic mapping
 P - 5 scrolls of immolation
Potions
 f - 12 potions of mutation
 m - a potion of magic
 n - 4 potions of heal wounds
 o - 2 potions of stabbing
 s - 2 potions of flight
 t - 13 potions of haste
 v - 16 potions of curing
 H - 5 potions of resistance
 J - 5 potions of cancellation
 U - a potion of berserk rage
 V - 11 potions of might


   Skills:
 O Level 27 Fighting
 O Level 27 Long Blades
   Level 2.6(7.6) Crossbows
 + Level 2.0(7.0) Throwing
 O Level 27 Armour
 + Level 22.7(27) Dodging
 + Level 9.8(14.8) Stealth
 O Level 27 Shields
 + Level 2.4(7.4) Unarmed Combat
 + Level 1.3 Spellcasting
   Level 1.1 Transmutations
 + Level 14.3 Invocations
 + Level 5.0 Evocations


You had 28 spell levels left.
You didn't know any spells.
Your spell library contained the following spells:

 Spells                   Type           Power        Failure   Level
 Beastly Appendage        Tmut           #.....       28%         1
 Sting                    Tmut/Pois      #...         36%         1
 Wereblood                Tmut           #.......     41%         2
 Animate Skeleton         Necr           #.....       43%         1
 Apportation              Tloc           #.....       43%         1
 Corona                   Hex            #......      43%         1
 Foxfire                  Conj/Fire      #...         43%         1
 Freeze                   Ice            #...         43%         1
 Magic Dart               Conj           #...         43%         1
 Pain                     Necr           #...         43%         1
 Sandblast                Erth           #.....       43%         1
 Shock                    Conj/Air       #...         43%         1
 Summon Small Mammal      Summ           #...         43%         1
 Passwall                 Tmut/Erth      #.......     50%         2
 Blink                    Tloc           N/A          58%         2
 Call Imp                 Summ           #.......     58%         2
 Corpse Rot               Necr/Air       N/A          58%         2
 Ensorcelled Hibernation  Hex/Ice        #.....       58%         2
 Poisonous Vapours        Pois/Air       #.....       58%         2
 Searing Ray              Conj           #.....       58%         2
 Slow                     Hex            #.......     58%         2
 Sublimation of Blood     Necr           #.........   58%         2
 Swiftness                Air            #.......     58%         2
 Spider Form              Tmut/Pois      #.........   73%         3
 Ignite Poison            Fire/Tmut/Pois #.......     77%         3
 Call Canine Familiar     Summ           #.......     82%         3
 Confusing Touch          Hex            #.......     82%         3
 Conjure Flame            Conj/Fire      #.......     82%         3
 Dazzling Flash           Conj/Hex       #.....       82%         3
 Frozen Ramparts          Ice            #.....       82%         3
 Gell's Gravitas          Tloc           #.........   82%         3
 Inner Flame              Hex/Fire       #.......     82%         3
 Lesser Beckoning         Tloc           #.........   82%         3
 Mephitic Cloud           Conj/Pois/Air  #.......     82%         3
 Ozocubu's Armour         Ice            #.......     82%         3
 Portal Projectile        Hex/Tloc       #.....       82%         3
 Static Discharge         Conj/Air       #.......     82%         3
 Stone Arrow              Conj/Erth      #.....       82%         3
 Summon Guardian Golem    Hex/Summ       #.......     82%         3
 Teleport Other           Tloc           #.......     82%         3
 Tukima's Dance           Hex            #.......     82%         3
 Vampiric Draining        Necr           #.........   82%         3
 Ice Form                 Ice/Tmut       #.......     98%         4
 Petrify                  Tmut/Erth      #.......     98%         4
 Airstrike                Air            #.........   99%         4
 Animate Dead             Necr           #.........   99%         4
 Cause Fear               Hex            #.........   99%         4
 Dispel Undead            Necr           #.......     99%         4
 Fulminant Prism          Conj/Hex       #.........   99%         4
 Hailstorm                Conj/Ice       #.......     99%         4
 Iskenderun's Mystic Bla  Conj/Tloc      #.......     99%         4
 Leda's Liquefaction      Hex/Erth       #.........   99%         4
 Olgreb's Toxic Radiance  Pois           #.......     99%         4
 Passage of Golubria      Tloc           N/A          99%         4
 Sticky Flame             Conj/Fire      #.......     99%         4
 Summon Ice Beast         Ice/Summ       #.......     99%         4
 Summon Lightning Spire   Summ/Air       #.......     99%         4
 Agony                    Necr           #.......     100%        5
 Alistair's Intoxication  Tmut/Pois      #........    100%        5
 Blade Hands              Tmut           #.........   100%        5
 Bolt of Magma            Conj/Fire/Erth #.........   100%        5
 Excruciating Wounds      Necr           #.........   100%        5
 Fireball                 Conj/Fire      #.........   100%        5
 Irradiate                Conj/Tmut      #.........   100%        5
 Iskenderun's Battlesphe  Conj           #.......     100%        5
 Lee's Rapid Deconstruct  Erth           #.........   100%        5
 Lightning Bolt           Conj/Air       #.........   100%        5
 Metabolic Englaciation   Hex/Ice        #.........   100%        5
 Silence                  Hex/Air        #.........   100%        5
 Summon Demon             Summ           #.........   100%        5
 Summon Forest            Summ/Tloc      #.........   100%        5
 Summon Mana Viper        Hex/Summ       #.......     100%        5
 Yara's Violent Unravell  Hex/Tmut       #.........   100%        5
 Conjure Ball Lightning   Conj/Air       #.........   100%        6
 Dispersal                Tloc           #.........   100%        6
 Eringya's Noxious Bog    Tmut/Pois      #.........   100%        6
 Freezing Cloud           Conj/Ice/Air   #.........   100%        6
 Hydra Form               Tmut           #.........   100%        6
 Invisibility             Hex            #.......     100%        6
 Iron Shot                Conj/Erth      #.........   100%        6
 Ozocubu's Refrigeration  Ice            #.........   100%        6
 Shadow Creatures         Summ           N/A          100%        6
 Simulacrum               Ice/Necr       #.........   100%        6
 Statue Form              Tmut/Erth      #........    100%        6
 Summon Hydra             Summ           #.........   100%        7
 Chain Lightning          Conj/Air       #.........   100%        8
 Discord                  Hex            #.........   100%        8
 Disjunction              Tloc           #.........   100%        8
 Ignition                 Fire           #.........   100%        8
 Lehudib's Crystal Spear  Conj/Erth      #.........   100%        8
 Absolute Zero            Ice            #.........   100%        9
 Fire Storm               Conj/Fire      #.........   100%        9
 Shatter                  Erth           #.........   100%        9
 Tornado                  Air            #.........   100%        9


Dungeon Overview and Level Annotations

Branches:
Dungeon (15/15)            Temple (1/1) D:4            Lair (6/6) D:11
  Swamp (4/4) Lair:2       Spider (4/4) Lair:2        Slime (5/5) Lair:5
    Orc (2/2) D:11            Elf (3/3) Orc:2        Vaults (5/5) D:13
  Crypt (3/3) Vaults:3       Tomb (0/3) Crypt:3      Depths (5/5) D:15
   Hell (visited)             Geh (1/7) Hell            Zot (5/5) Depths:5
  Sewer (visited)           IceCv (visited)         Gauntlet (visited)
    Dis: Hell:1         Coc: Hell:1         Tar: Hell:1

Altars:
Ashenzari
Cheibriados
Dithmenos
Elyvilon
Fedhas
Gozag
Hepliaklqana
Kikubaaqudgha
Nemelex Xobeh
Okawaru
Qazlal
Ru
Sif Muna
Uskayaw
Vehumet
Wu Jian
Xom
Yredelemnul
Zin
The Shining One
Beogh
Jiyva
Lugonu

Shops:
D:5 =   D:7 (   D:9 :   D:12 [   D:13 *   D:14 :   Orc:1 =   Orc:2 =[?[
Vaults:1 [   Vaults:2 (   Depths:2 [*   Depths:5 (

Portals:
Hell: Depths:1 Depths:2 Depths:3 Depths:4 Depths:5
Abyss: Depths:2 Depths:3 Depths:4
Pandemonium: Depths:1 Depths:3 Depths:5

Annotations:
Lair:3 Casa
Hell exclusion: 2 ice statues


Innate Abilities, Weirdness & Mutations

((You reflexively headbutt those who attack you in melee.))
((You have a pair of horns on your head.))
((You have hoof-like feet.))
You tend to lose your temper in combat.
You are clumsy. (Dex -2)
Your magical capacity is low. (-10% MP)
You are resistant to hostile enchantments. (MR+)


Message History

The Killer Klown blinks! x2
You maul the Killer Klown!!
The Killer Klown is lightly wounded.
You feel sick.
The Killer Klown is engulfed in blazing flames.
The Killer Klown blinks! x2
The Killer Klown is engulfed in blazing flames.
The Killer Klown blinks!
The Killer Klown defenestrates you with a +9 club!!
* * * LOW HITPOINT WARNING * * *
Unknown command.
Press: ? - help, Dir - move target cursor
As you read the scroll of blinking, it crumbles to dust.
An iron dragon comes into view.
You are no longer corroded.
The Killer Klown's inner flame fades away.
The Killer Klown blinks! x2
The Killer Klown throws klown pie at you.
The klown pie hits you!!!
Lemon!
You feel unable to drink.
You die...

.......§§○§§.▓
.........p.)§§§.▓
.D........§t§☼☼p▓
.......p........▓
.........§.§....▓
......p........∩▓
................▓
..........p..p..▓
.......h........▓
................▓
............)[..▓
........▓▓▓▓▓▓▓▓▓
........▓
........▓
........▓
........▓ ▓


You could see 5 Killer Klowns, an alligator snapping turtle and an iron dragon
(wandering).

Vanquished Creatures
  the Royal Jelly (Slime:5)
  4 ancient liches
  Tiamat (Depths:5)
  2 orbs of fire (Zot:4)
  4 juggernauts
  Mennas (Depths:3)
  Boris (twice) (Vaults:2 Crypt:1)
  Frederick (Depths:3)
  7 Killer Klowns
  Margery (Depths:4)
  7 pandemonium lords
  2 curse toes
  Xtahua (Crypt:1)
  5 large abominations
  A caustic shrike (Depths:4)
  Geryon (Hell)
  Jory (Vaults:3)
  A golden dragon (shapeshifter) (Depths:3)
  5 golden dragons
  3 bone dragons
  the Enchantress (Depths:3)
  Arachne (Spider:4)
  8 liches
  A hellephant (Zig:9)
  2 Brimstone Fiends
  3 electric golems
  17 tentacled monstrosities
  A shard shrike zombie (Crypt:1)
  The ghost of Zuot the Covert, an adept GnWn of Ashenzari (Spider:4)
  Rupert (Lair:3)
  The ghost of Iheus the Genius of the Arcane, an adept DsIE of Sif Muna (Elf:1)
  3 deep elf blademasters (Elf:3)
  4 titans
  Murray (Depths:4)
  11 quicksilver dragons
  2 deep elf master archers
  7 death cobs
  23 acid blobs
  An ancient champion (Crypt:1)
  A sphinx (shapeshifter) (Elf:1)
  Gastronok (D:8)
  6 sphinxes
  4 shadow dragons
  7 draconian monks
  7 thorn hunters
  Agnes (Spider:3)
  9 tengu reavers
  Donald (Elf:3)
  A revenant (Crypt:1)
  Roxanne (D:15)
  A shadow dragon (shapeshifter) (Zig:16)
  11 storm dragons
  6 azure jellies
  11 fire giants
  7 nagarajas
  9 iron dragons
  13 deep elf sorcerers
  3 balrugs
  19 vault wardens
  A draconian knight (Depths:5)
  4 draconian scorchers
  18 ghost moths
  9 orc warlords
  9 frost giants
  3 draconian annihilators
  5 emperor scorpions
  2 curse skulls (Crypt:1)
  A caustic shrike skeleton (Zig:14)
  A draconian stormcaller (Zot:4)
  9 ghouls
  2 black suns (Zig:4)
  5 draconian shifters
  7 reapers
  20 stone giants
  15 ironheart preservers
  The ghost of SnubMonkey the Severer, a journeyman NaFi of Cheibriados (Lair:5)
  6 deep elf elementalists
  5 spriggan defenders
  A juggernaut skeleton (Zig:10)
  11 green draconians
  9 war gargoyles
  27 very ugly things
  Nessos (D:13)
  9 entropy weavers
  11 black draconians
  Azrael (D:15)
  6 vampire knights
  7 purple draconians
  3 lorocyprocas
  9 deep elf annihilators
  A minotaur (Gauntlet)
  6 white draconians
  11 deep elf demonologists
  16 red draconians
  12 spark wasps
  9 yellow draconians
  2 blizzard demons (Hell)
  14 deep elf death magi
  4 crystal guardians
  5 eidola
  A green death (Hell)
  21 ettins
  7 deep elf high priests
  6 jiangshi
  8 death oozes
  20 yaktaur captains
  Josephine (Orc:2)
  11 great orbs of eyes
  9 fire dragons
  39 vault guards
  4 boulder beetles
  7 rakshasas
  A naga warrior (Zig:13)
  Erolcha (D:13)
  26 hydras
  10 ice dragons
  A catoblepas (shapeshifter) (Depths:4)
  5 catoblepae
  9 spriggan air magi
  An anaconda (shapeshifter) (Depths:1)
  14 centaur warriors
  An anaconda (Zig:13)
  3 death knights
  2 ghost crabs
  4 shambling mangroves
  42 two-headed ogres
  An orc high priest (Zig:15)
  8 alligators
  4 tengu warriors
  A satyr (shapeshifter) (Vaults:5)
  2 deep troll shamans
  13 ogre magi
  7 hell hogs
  11 vampire magi
  A death scarab (Gauntlet)
  15 death yaks
  9 deep troll earth magi
  33 dancing weapons
  5 spriggan berserkers
  2 thrashing horrors (Zig:14)
  3 naga sharpshooters (Zig:13)
  3 shock serpents
  5 titan zombies
  21 spriggans
  Sonja (Orc:2)
  The ghost of martbhell the Cleaver, a novice MiBe of Trog (D:7)
  Urug (Lair:3)
  32 deep elf knights
  4 iron golems
  4 soul eaters
  9 sun demons
  30 hell knights
  A shadow wraith (Vaults:2)
  36 skeletal warriors
  A wretched star (Zig:14)
  A titan skeleton (Zig:10)
  3 death drakes (Zig:11)
  6 iron trolls
  2 anaconda zombies
  35 deep trolls
  An unseen horror (shapeshifter) (D:14)
  A gelid demonspawn (Depths:5)
  7 spriggan druids
  18 swamp dragons
  14 ironbrand convokers
  4 lindwurms
  A naga ritualist (Zig:13)
  9 wizards
  17 deep elf archers
  A swamp dragon (shapeshifter) (Vaults:5)
  4 glowing orange brains
  3 flayed ghosts
  20 necromancers
  A spectral hydra (Gauntlet)
  9 phantasmal warriors
  A glowing orange brain (shapeshifter) (Zig:15)
  23 orc knights
  80 deep elf magi
  18 harpies
  A wolf spider zombie (Crypt:3)
  32 orb spiders
  3 small abominations
  A mana viper (shapeshifter) (Vaults:5)
  A sphinx skeleton (Zig:10)
  A sphinx zombie (Zig:10)
  31 ugly things
  An orb spider (shapeshifter) (Vaults:2)
  5 iron dragon zombies
  5 manticores
  10 orc sorcerers
  4 mana vipers (Zig:13)
  3 fire giant zombies (Hell)
  A salamander (shapeshifter) (Depths:1)
  40 wolf spiders
  24 moths of wrath
  3 fauns (shapeshifter)
  2 salamanders
  21 cyclopes
  7 shining eyes
  3 stone giant zombies
  9 elephants (Lair:6)
  2 frost giant zombies
  A worldbinder (Zig:14)
  A frost giant skeleton (Crypt:1)
  2 ice statues (IceCv)
  4 eyes of devastation
  13 vault sentinels
  3 stone giant skeletons
  10 black mambas
  A torpor snail (shapeshifter) (Depths:2)
  5 guardian serpents
  An apocalypse crab (Gauntlet)
  5 rust devils
  5 torpor snails
  An orange demon (Hell)
  5 naga magi
  A guardian serpent (shapeshifter) (Depths:2)
  An eye of devastation (shapeshifter) (Elf:1)
  3 smoke demons
  5 spectral swamp worms (Depths:4)
  A dire elephant skeleton (Geh:1)
  18 cane toads
  4 gargoyles
  A black draconian zombie (Crypt:2)
  9 hellions
  57 yaktaurs
  An efreet (D:13)
  A komodo dragon (shapeshifter) (Elf:2)
  An anaconda simulacrum (Hell)
  3 rime drakes
  2 tormentors (Geh:1)
  10 freezing wraiths
  12 komodo dragons
  11 ice devils
  A hellwing (Depths:5)
  A queen bee (shapeshifter) (Depths:1)
  3 hydra zombies
  A kobold demonologist (D:13)
  26 demonic crawlers
  3 tengu conjurers
  A guardian mummy (D:14)
  2 polar bears
  A death yak skeleton (Crypt:1)
  8 red devils
  A purple draconian skeleton (Crypt:1)
  21 trolls
  9 tyrant leeches
  2 merfolk (shapeshifter)
  A jumping spider (shapeshifter) (Zig:7)
  50 jumping spiders
  Grinder (D:3)
  A tengu simulacrum (Vaults:2)
  A hydra skeleton (Geh:1)
  5 meliai
  33 hornets
  86 slime creatures
  19 dream sheep
  6 spriggan zombies
  8 bog bodies
  3 raiju
  26 blink frogs
  A meliai zombie (D:12)
  An ice dragon zombie (Crypt:1)
  A wind drake (Zig:11)
  2 deep troll zombies (Hell)
  2 fire dragon zombies
  An ettin zombie (Hell)
  A fire giant simulacrum (Vaults:1)
  A stone giant simulacrum (Vaults:4)
  6 shadows
  3 air elementals
  8 water elementals
  86 redbacks
  47 tarantellas
  38 flying skulls
  A redback (shapeshifter) (Vaults:5)
  2 tarantellas (shapeshifter)
  A basilisk (Lair:1)
  3 ice dragon skeletons
  A ynoxinul (Zig:14)
  A yak (shapeshifter) (Depths:3)
  23 vampire mosquitoes
  3 wyverns
  47 yaks
  12 wraiths
  9 fire elementals
  A hog (shapeshifter) (Elf:1)
  3 chaos spawn
  4 neqoxecs (Zig:14)
  3 steam dragons
  20 humans (D:13)
  18 swamp worms
  A naga (Zig:3)
  A swamp worm (shapeshifter) (Zig:7)
  8 wargs
  A soldier ant (D:12)
  26 insubstantial wisps
  A soldier ant (shapeshifter) (D:13)
  21 hell hounds
  2 acid dragons
  18 water moccasins
  2 hydra simulacra
  63 orc warriors
  A monstrous demonspawn skeleton (Crypt:3)
  6 swamp drakes
  A deep troll skeleton (Vaults:4)
  3 ice beasts
  4 black bears
  2 black bears (shapeshifter)
  5 eyes of draining
  A snapping turtle zombie (Hell)
  6 necrophages
  A swamp dragon zombie (Hell)
  6 boggarts
  A manticore skeleton (Crypt:1)
  64 ogres
  A phantom (D:5)
  21 centaurs
  33 wolves
  A fire crab zombie (Crypt:2)
  2 big kobolds
  A yaktaur zombie (Hell)
  A monstrous demonspawn simulacrum (Crypt:1)
  10 bullfrogs
  5 earth elementals
  A water moccasin zombie (Crypt:2)
  A wyvern skeleton (D:12)
  4 scorpions
  A warg zombie (Crypt:1)
  8 killer bees
  31 wights
  2 spectral wolves (Depths:2)
  3 electric eels
  3 spriggan skeletons
  7 howler monkeys
  4 centaur zombies
  A bullfrog zombie (D:5)
  5 quasits (D:7)
  10 starcursed masses (Zig:14)
  A yaktaur simulacrum (Vaults:1)
  A human simulacrum (Vaults:1)
  3 bullfrog skeletons
  5 hounds
  4 jellies
  26 orc priests
  2 centaur skeletons
  8 iron imps
  Jessica (D:2)
  5 iguanas
  43 orc wizards
  3 polar bear simulacra (Lair:2)
  10 worker ants
  5 yak simulacra (Lair:2)
  4 hell rats (Lair:4)
  An ogre zombie (Crypt:3)
  A sky beast zombie (Crypt:2)
  A tengu zombie (Geh:1)
  2 wolf simulacra (Lair:2)
  An ogre skeleton (Crypt:3)
  3 hound skeletons
  2 hound zombies
  Robin (D:2)
  2 worker ant zombies
  3 gnolls
  2 river rats (D:4)
  19 adders
  A scorpion zombie (Crypt:2)
  A swamp drake skeleton (Crypt:1)
  3 shadow imps
  15 white imps
  9 ufetubi
  3 oozes
  An adder skeleton (D:9)
  A halfling skeleton (Crypt:1)
  2 worms
  A barachi zombie (Crypt:1)
  2 dart slugs (D:2)
  8 leopard geckos
  146 orcs
  5 giant cockroaches
  9 goblins (D:2)
  9 hobgoblins
  14 jackals
  12 kobolds
  3 quokkas
  5 ball pythons
  8 bats
  8 frilled lizards
  A leopard gecko zombie (D:5)
  A quokka skeleton (D:8)
  7 rats
  4 briar patches
  6 crawling corpses
  A fungus (Lair:3)
3278 creatures vanquished.

Vanquished Creatures (others)
  A meliai (Spider:2)
  2 jumping spiders
  A redback (Spider:2)
  2 flying skulls
  A water elemental (Elf:1)
  A spriggan (Swamp:3)
  A large abomination (Zig:14)
  A vampire mosquito (Swamp:2)
  A human (shapeshifter) (Depths:5)
  A steam dragon (Zig:11)
  An acid dragon (Zig:11)
  A water moccasin (Zig:9)
  A white imp (IceCv)
  2 ufetubi (IceCv)
  12 ball lightnings
  A kobold (Depths:2)
  A river rat simulacrum (Lair:2)
  3 briar patches
  26 fungi
  118 plants
  2 starspawn tentacles (Zig:14)
  10 toadstools (Swamp:3)
  16 withered plants
206 creatures vanquished.

Grand Total: 3484 creatures vanquished

Notes
Turn   | Place    | Note
-------+----------+-------------------------------------------
     0 | D:1      | Peloso the Minotaur Fighter began the quest for the Orb.
     0 | D:1      | Reached XP level 1. HP: 19/19 MP: 0/0
   403 | D:1      | Reached XP level 2. HP: 25/27 MP: 1/1
   852 | D:2      | Noticed Jessica
   860 | D:2      | Killed Jessica
   860 | D:2      | Reached XP level 3. HP: 21/33 MP: 0/2
   971 | D:2      | Reached XP level 4. HP: 40/40 MP: 3/3
  1202 | D:2      | Noticed Robin
  1245 | D:2      | Killed Robin
  1245 | D:2      | Reached XP level 5. HP: 29/46 MP: 2/4
  1458 | D:2      | Reached skill level 5 in Shields
  1887 | D:2      | Found a shimmering altar of Xom.
  1966 | D:2      | Found a shadowy altar of Dithmenos.
  1967 | D:2      | Found a shimmering blue altar of Sif Muna.
  2216 | D:3      | Reached skill level 1 in Dodging
  2288 | D:3      | Noticed Grinder
  2300 | D:3      | Paralysed by Grinder for 4 turns
  2316 | D:3      | Killed Grinder
  2316 | D:3      | Reached skill level 5 in Long Blades
  2316 | D:3      | Reached skill level 5 in Armour
  2316 | D:3      | Reached XP level 6. HP: 23/53 MP: 2/5
  3481 | D:4      | Found a glowing golden altar of the Shining One.
  3519 | D:4      | Reached XP level 7. HP: 53/60 MP: 6/6
  3861 | D:4      | Found a staircase to the Ecumenical Temple.
  3938 | D:4      | Found a glowing drain.
  3942 | Sewer    | Entered a sewer
  4893 | Temple   | Entered the Ecumenical Temple
  5160 | Temple   | Became a worshipper of Warmaster Okawaru
  5656 | D:5      | Entered Level 5 of the Dungeon
  5656 | D:5      | Found Ivin's Jewellery Emporium.
  5693 | D:5      | Reached skill level 5 in Fighting
  5771 | D:5      | Reached XP level 8. HP: 68/68 MP: 7/7
  6565 | D:5      | Reached * piety under Okawaru
  7225 | D:7      | Found a transporter.
  7228 | D:7      | Found Plog's Weapon Shoppe.
  7233 | D:7      | Found a transporter.
  7281 | D:7      | Noticed martbhell's ghost (novice MiBe)
  7449 | D:7      | Found a snail-covered altar of Cheibriados.
  7458 | D:7      | Found an ornate altar of the Wu Jian Council.
  8226 | D:8      | You fall into a shaft and drop 1 floor!
  8228 | D:9      | Noticed a two-headed ogre
  8236 | D:9      | Killed a two-headed ogre
  8236 | D:9      | Reached ** piety under Okawaru
  8236 | D:9      | Reached XP level 9. HP: 61/75 MP: 4/8
  8466 | D:9      | Reached skill level 10 in Long Blades
  8517 | D:9      | Noticed a komodo dragon
  8530 | D:9      | Killed a komodo dragon
  8536 | D:9      | Noticed a troll
  8548 | D:9      | Killed a troll
  8558 | D:9      | Reached *** piety under Okawaru
  8838 | D:9      | Reached XP level 10. HP: 17/84 MP: 5/9
  9204 | D:9      | Found Fewuycki's Book Shoppe.
  9254 | D:9      | Noticed a manticore
  9255 | D:9      | Noticed a centaur warrior
 10421 | D:8      | Noticed Gastronok
 10449 | D:8      | Killed Gastronok
 10449 | D:8      | Reached **** piety under Okawaru
 10449 | D:8      | Reached skill level 10 in Shields
 10449 | D:8      | Reached skill level 1 in Invocations
 10740 | D:8      | Noticed a two-headed ogre
 10748 | D:8      | Killed a two-headed ogre
 11187 | D:8      | Found a radiant altar of Vehumet.
 11346 | D:10     | Entered Level 10 of the Dungeon
 11394 | D:10     | Reached XP level 11. HP: 94/94 MP: 10/10
 11486 | D:10     | Found an ornate altar of the Wu Jian Council.
 11842 | D:11     | Found a staircase to the Lair.
 12143 | D:11     | Noticed an orc knight
 12497 | D:11     | Got a transparent hand axe
 12498 | D:11     | Identified the +4 hand axe of Distant Shores {antimagic,
                  | rElec MR- Str+2 Int+5} (You found it on level 11 of the
                  | Dungeon)
 12650 | D:11     | Found a staircase to the Orcish Mines.
 12665 | D:11     | Found a roughly hewn altar of Beogh.
 12791 | D:11     | Killed an orc knight
 12791 | D:11     | Reached skill level 1 in Stealth
 13051 | D:12     | Reached skill level 10 in Armour
 13267 | D:12     | You fall into a shaft and drop 3 floors!
 13267 | D:15     | Entered Level 15 of the Dungeon
 13268 | D:15     | Noticed a skeletal warrior
 13268 | D:15     | Noticed a skeletal warrior
 13321 | D:15     | Noticed a centaur warrior
 13324 | D:15     | Found a blossoming altar of Fedhas.
 13393 | D:14     | Found a gate leading to a gauntlet.
 13409 | D:14     | Noticed a boulder beetle
 13412 | Gauntlet | Entered a Gauntlet
 13412 | Gauntlet | Found a large runed translucent door.
 13412 | Gauntlet | Found a large runed translucent door.
 13412 | Gauntlet | Found a large runed translucent door.
 13412 | Gauntlet | Found a large runed translucent door.
 13412 | Gauntlet | Found a large runed translucent door.
 13412 | Gauntlet | Found a large runed translucent door.
 13412 | Gauntlet | Found a runed translucent door.
 13412 | Gauntlet | Found a transporter.
 13412 | Gauntlet | Found a transporter.
 13412 | Gauntlet | Found a runed translucent door.
 13412 | Gauntlet | Found a large runed translucent door.
 13412 | Gauntlet | Found a large runed translucent door.
 13412 | Gauntlet | Found a large runed translucent door.
 13412 | Gauntlet | Found a large runed translucent door.
 13412 | Gauntlet | Found a large runed translucent door.
 13412 | Gauntlet | Found a large runed translucent door.
 13413 | Gauntlet | Found a large runed translucent door.
 13413 | Gauntlet | Found a large runed translucent door.
 13413 | Gauntlet | Found a large runed translucent door.
 13414 | Gauntlet | Found a large runed translucent door.
 13414 | Gauntlet | Noticed a death scarab
 13418 | Gauntlet | Found a transporter.
 13420 | Gauntlet | Noticed a tengu warrior
 13424 | Gauntlet | Found a runed translucent gate.
 13424 | Gauntlet | Found a runed translucent gate.
 13426 | Gauntlet | Found a transporter.
 13428 | Gauntlet | Found a runed translucent gate.
 13444 | Gauntlet | Found a transporter.
 13473 | Gauntlet | Found a transporter.
 13491 | Gauntlet | Found a transporter.
 13505 | Gauntlet | Found a transporter.
 13525 | Gauntlet | Found a transporter.
 13530 | Gauntlet | Noticed an entropy weaver
 13608 | Gauntlet | Found a transporter.
 13624 | Gauntlet | Found a transporter.
 13640 | Gauntlet | Noticed a death ooze
 13645 | Gauntlet | Found a transporter.
 13655 | Gauntlet | Found a transporter.
 13676 | Gauntlet | Found a transporter.
 13774 | Gauntlet | Found a transporter.
 13781 | Gauntlet | Found a transporter.
 13835 | Gauntlet | Killed a death scarab
 13835 | Gauntlet | Reached ***** piety under Okawaru
 13845 | Gauntlet | Got a bound granite ring
 13847 | Gauntlet | Identified the ring of Wyjinn {rF+ rC- Str+5 Int+2 Dex+6}
                  | (You found it in a Gauntlet)
 14056 | Gauntlet | HP: 1/95 [raiju/living lightning (11)]
 14834 | Gauntlet | Noticed a minotaur
 14867 | Gauntlet | Killed a minotaur
 14997 | D:14     | Noticed an orb spider
 14997 | D:14     | a black bear changed into an orb spider
 15024 | D:14     | an orb spider changed into something unseen
 15041 | D:14     | Killed an unseen horror
 15064 | D:14     | Killed a boulder beetle
 15308 | D:14     | Found a shadowy altar of Dithmenos.
 15490 | D:14     | Reached XP level 12. HP: 86/104 MP: 12/12
 15640 | D:14     | Noticed a tengu warrior
 15645 | D:14     | Noticed a fire dragon
 15710 | D:14     | Noticed a four-headed hydra
 15731 | D:14     | Noticed a boulder beetle
 15750 | D:13     | Noticed a centaur warrior
 15750 | D:13     | Noticed Erolcha
 15753 | D:13     | Found Soteter's General Store.
 15936 | D:13     | Killed Erolcha
 15936 | D:13     | Received a gift from Okawaru
 15945 | D:13     | Killed a centaur warrior
 15957 | D:13     | Got a jewelled kite shield {god gift}
 15963 | D:13     | Identified the +2 kite shield of Okawaru {-Cast rElec
                  | Regen+ Int+6} (Okawaru gifted it to you on level 13 of the
                  | Dungeon)
 16153 | D:12     | Found Yprap's Antique Armour Boutique.
 16696 | Lair:1   | Entered Level 1 of the Lair of Beasts
 16863 | Lair:1   | Reached skill level 10 in Fighting
 18238 | Lair:2   | Reached ****** piety under Okawaru
 18454 | Lair:2   | Found a hole to the Spider Nest.
 18483 | Lair:2   | Reached XP level 13. HP: 114/114 MP: 14/14
 18792 | Lair:2   | Found a staircase to the Swamp.
 19366 | D:7      | Killed martbhell's ghost
 19366 | D:7      | Received a gift from Okawaru
 19370 | D:7      | Got a slimy plate armour {god gift}
 19383 | D:7      | Identified the +8 plate armour of Time Monsters {Harm MR+
                  | rCorr Int-4} (Okawaru gifted it to you on level 7 of the
                  | Dungeon)
 19979 | D:13     | Reached skill level 15 in Shields
 20034 | D:13     | Noticed Nessos
 20063 | D:13     | Killed Nessos
 20110 | D:13     | Reached skill level 15 in Long Blades
 20588 | D:13     | Reached skill level 1 in Evocations
 20730 | D:13     | Received a gift from Okawaru
 20800 | D:13     | Found a gate to the Vaults.
 21061 | Lair:3   | Noticed Rupert
 21074 | Lair:3   | Killed Rupert
 21074 | Lair:3   | Received a gift from Okawaru
 21074 | Lair:3   | Reached XP level 14. HP: 125/125 MP: 12/15
 21543 | Lair:3   | Noticed Urug
 21554 | Lair:3   | Killed Urug
 22402 | Lair:4   | Received a gift from Okawaru
 23299 | Orc:1    | Entered Level 1 of the Orcish Mines
 23319 | Orc:1    | Found Hiorph's Jewellery Shoppe.
 23373 | Orc:1    | Found a frozen archway.
 23423 | IceCv    | Entered an ice cave
 23548 | IceCv    | Got a pair of jewelled boots
 23559 | IceCv    | Identified the +0 pair of boots of the Invisible Bones
                  | {*Corrode Dex+3 SInv Stlth+} (You found it in an ice cave)
 23856 | IceCv    | Noticed a reaper
 23869 | IceCv    | Killed a reaper
 23869 | IceCv    | Received a gift from Okawaru
 23872 | IceCv    | Got a smoking ring mail {god gift}
 24417 | Orc:1    | Identified the +0 shortbow "Uhestu" {venom, *Slow +Blink
                  | +Fly rN++}
 24433 | Orc:1    | Identified the +7 quarterstaff of Sigron {vorpal, *Corrode
                  | MR++}
 24849 | Orc:1    | Noticed a stone giant
 24865 | Orc:1    | Killed a stone giant
 24933 | Orc:1    | Identified the +8 falchion "Oraozuit" {elec, MR- Int+2
                  | Dex+7} (You found it on level 1 of the Orcish Mines)
 24988 | Orc:2    | Entered Level 2 of the Orcish Mines
 25145 | Orc:2    | Reached XP level 15. HP: 83/136 MP: 16/16
 25146 | Orc:2    | Noticed Josephine
 25241 | Orc:2    | Killed Josephine
 25359 | Orc:2    | Found Utesuash's Magic Scroll Boutique.
 25379 | Orc:2    | Received a gift from Okawaru
 25386 | Orc:2    | Got an ancient demon blade {god gift}
 25387 | Orc:2    | Identified the +2 demon blade of Thoughtfulness {flame,
                  | *Drain +Inv rC- Str+6} (Okawaru gifted it to you on level 2
                  | of the Orcish Mines)
 25412 | Orc:2    | Found Gogeah's Jewellery Emporium.
 25416 | Orc:2    | Bought a scroll of acquirement for 572 gold pieces
 25418 | Orc:2    | Found Atitoj's Armour Shop.
 25419 | Orc:2    | Found Rorevv Ecry's Armour Boutique.
 25440 | Orc:2    | Noticed Sonja
 25454 | Orc:2    | Killed Sonja
 25839 | Orc:2    | Found a staircase to the Elven Halls.
 26365 | D:14     | Found Esengiom's Book Emporium.
 27072 | D:15     | Found a staircase to the Depths.
 27090 | D:15     | Received a gift from Okawaru
 27708 | D:15     | Noticed Roxanne
 27730 | D:15     | Killed Roxanne
 27743 | D:15     | Noticed Azrael
 27753 | D:15     | Killed Azrael
 28022 | D:10     | Upgraded the game from 0.26-a0-694-g74916bafe0 to
                  | 0.26-a0-707-g31817bcca1
 28065 | D:13     | Identified the +4 ring mail of Faemewk {rElec MR- Int+3
                  | Slay+3} (Okawaru gifted it to you in an ice cave)
 28209 | D:5      | Bought the amulet "Xaonotei" {Faith rF+ rN+} for 814 gold
                  | pieces
 28526 | Lair:5   | Found a transporter.
 28555 | Lair:5   | Received a gift from Okawaru
 28607 | Lair:5   | Found a transporter.
 28737 | Lair:5   | Found a runed translucent door.
 28742 | Lair:5   | Noticed SnubMonkey's ghost (journeyman NaFi)
 28756 | Lair:5   | Killed SnubMonkey's ghost
 28791 | Lair:5   | Reached XP level 16. HP: 143/147 MP: 17/17
 28936 | Lair:5   | Found a staircase to the Slime Pits.
 28937 | Lair:5   | Found a viscous altar of Jiyva.
 29214 | Lair:5   | Got a slimy chain mail
 29225 | Lair:5   | Identified the +0 chain mail of Death's Door {Harm +Inv}
                  | (You found it on level 5 of the Lair of Beasts)
 29720 | Lair:6   | Entered Level 6 of the Lair of Beasts
 30030 | Lair:6   | Received a gift from Okawaru
 30037 | Lair:6   | Got an ancient plate armour {god gift}
 30050 | Lair:6   | Identified the +7 plate armour of Apathy {rN++ Int+5}
                  | (Okawaru gifted it to you on level 6 of the Lair of Beasts)
 30379 | Lair:6   | Reached skill level 15 in Armour
 30720 | Lair:6   | Reached skill level 15 in Fighting
 30767 | Lair:6   | Got a faintly humming cloak
 30778 | Lair:6   | Identified the +4 cloak "Ennix" {rElec Int+3} (You found it
                  | on level 6 of the Lair of Beasts)
 31127 | Orc:2    | Bought a scroll of random uselessness for 11 gold pieces
 31132 | Orc:2    | Bought a cursed ring of teleportation for 72 gold pieces
 31152 | Orc:2    | Bought the +10 tower shield of Ignorance {rN+ Int-4} for
                  | 744 gold pieces
 31152 | Orc:2    | Found the +10 tower shield of Ignorance {rN+ Int-4}
 31158 | Orc:2    | Acquired 925 gold pieces
 31476 | Swamp:1  | Entered Level 1 of the Swamp
 31557 | Swamp:1  | Noticed a thorn hunter
 31567 | Swamp:1  | Killed a thorn hunter
 31825 | Swamp:1  | Received a gift from Okawaru
 32080 | Swamp:1  | Noticed a thorn hunter
 32094 | Swamp:1  | Killed a thorn hunter
 32393 | Swamp:2  | Noticed a thorn hunter
 32395 | Swamp:2  | Noticed a thorn hunter
 32405 | Swamp:2  | Killed a thorn hunter
 32412 | Swamp:2  | Killed a thorn hunter
 32412 | Swamp:2  | Reached XP level 17. HP: 34/156 MP: 18/18
 32871 | Swamp:2  | Paralysed by a hornet for 1 turns
 32924 | Swamp:2  | Reached skill level 5 in Dodging
 33597 | Swamp:3  | Identified the +2 quarterstaff of Wicked Courage {vorpal,
                  | MR+ Str-5 Int+5} (You found it on level 3 of the Swamp)
 33737 | Swamp:3  | Received a gift from Okawaru
 33859 | Swamp:3  | Got a scintillating platinum ring
 33865 | Swamp:3  | Identified the ring "Amyreerph" {rElec rC+ rN+ Dex+6
                  | Slay-3} (You found it on level 3 of the Swamp)
 34642 | Swamp:4  | Entered Level 4 of the Swamp
 34929 | Swamp:4  | Received a gift from Okawaru
 35025 | Swamp:4  | Received a gift from Okawaru
 35056 | Swamp:4  | Got a faintly glowing hand crossbow {god gift}
 35388 | Swamp:4  | Got a decaying rune of Zot
 35764 | Spider:1 | Entered Level 1 of the Spider Nest
 36054 | Spider:1 | Reached XP level 18. HP: 156/168 MP: 19/19
 36102 | Spider:1 | Received a gift from Okawaru
 36135 | Spider:1 | Got a pair of masterwork boots {god gift}
 36146 | Spider:1 | Identified the +0 pair of boots "Jiomosath" {Str+4 Int+2}
                  | (Okawaru gifted it to you on level 1 of the Spider Nest)
 36457 | Spider:1 | Identified the +10 hand crossbow "Ankem" {speed, Str+4
                  | Dex-3} (Okawaru gifted it to you on level 4 of the Swamp)
 38178 | Spider:3 | Received a gift from Okawaru
 38311 | Spider:3 | Noticed Agnes
 38320 | Spider:3 | Killed Agnes
 39238 | Spider:3 | Received a gift from Okawaru
 39242 | Spider:3 | Got a pitted demon blade {god gift}
 39243 | Spider:3 | Identified the +7 demon blade of Dykoepn {pain, +Rage rF+
                  | Int+4 Dex+3} (Okawaru gifted it to you on level 3 of the
                  | Spider Nest)
 39359 | Spider:3 | Reached skill level 1 in Crossbows
 39359 | Spider:3 | Reached skill level 1 in Unarmed Combat
 39359 | Spider:3 | Reached skill level 1 in Transmutations
 39359 | Spider:3 | Reached XP level 19. HP: 177/177 MP: 20/20
 39920 | Spider:4 | Entered Level 4 of the Spider Nest
 40018 | Spider:4 | Found a runed translucent gate.
 40019 | Spider:4 | Found a runed translucent gate.
 40019 | Spider:4 | Found a runed translucent gate.
 40021 | Spider:4 | Noticed Zuot's ghost (adept GnWn)
 40496 | Spider:4 | Noticed Arachne
 40543 | Spider:4 | Killed Arachne
 40543 | Spider:4 | Received a gift from Okawaru
 40551 | Spider:4 | Reached XP level 20. HP: 50/184 MP: 0/21
 41099 | Spider:4 | Got a gossamer rune of Zot
 41429 | Spider:4 | Killed Zuot's ghost
 41434 | Spider:4 | Identified the Collected Works on Attacks and Beguiling
 41922 | Elf:1    | Entered Level 1 of the Elven Halls
 42038 | Elf:1    | Received a gift from Okawaru
 42219 | Elf:1    | Found a runed translucent gate.
 42219 | Elf:1    | Found a runed translucent gate.
 42219 | Elf:1    | Found a runed translucent gate.
 42223 | Elf:1    | Noticed Iheus's ghost (adept DsIE)
 42238 | Elf:1    | Received a gift from Okawaru
 42541 | Elf:1    | Identified Merheesh's Grimoire of Creative Conjuration
 43026 | Elf:2    | Identified the cursed +1 broad axe "Uqetsol" {vorpal,
                  | rPois} (You found it on level 2 of the Elven Halls)
 43207 | Elf:1    | Killed Iheus's ghost
 43207 | Elf:1    | Received a gift from Okawaru
 43341 | Elf:1    | Got a crystal hand crossbow {god gift}
 43349 | Elf:1    | Got a shimmering cloak
 43350 | Elf:1    | Identified the +2 hand crossbow of Frustration {flame,
                  | rElec Str+3 SInv} (Okawaru gifted it to you on level 1 of
                  | the Elven Halls)
 43361 | Elf:1    | Got a smouldering falchion
 43362 | Elf:1    | Identified the +9 falchion of the Ecumenical Temple
                  | {distort, Int+4} (You found it on level 1 of the Elven
                  | Halls)
 43384 | Elf:1    | Identified the +1 cloak of Duty {rF++} (You found it on
                  | level 1 of the Elven Halls)
 43578 | Elf:3    | Entered Level 3 of the Elven Halls
 43829 | Elf:2    | Found a runed translucent gate.
 43845 | Elf:2    | Found a runed translucent gate.
 43845 | Elf:2    | Found a runed translucent gate.
 43961 | Elf:2    | Received a gift from Okawaru
 44233 | Vaults:1 | Entered Level 1 of the Vaults
 44352 | Vaults:1 | Found Kojublie's Armour Emporium.
 45529 | Vaults:1 | Reached XP level 21. HP: 195/195 MP: 22/22
 45618 | Vaults:1 | Paralysed by an orc sorcerer for 6 turns
 46225 | Vaults:2 | Received a gift from Okawaru
 46643 | Vaults:2 | Received a gift from Okawaru
 46646 | Vaults:2 | Identified the +1 demon blade "Xeosm" {drain, +Inv rPois
                  | rN++ Int-2} (Okawaru gifted it to you on level 2 of the
                  | Vaults)
 47521 | Vaults:2 | Noticed Boris
 47534 | Vaults:2 | Killed Boris
 47534 | Vaults:2 | Received a gift from Okawaru
 47813 | Vaults:2 | Found Tidolal's Weapon Boutique.
 48296 | Elf:3    | Noticed Donald
 48311 | Elf:3    | Killed Donald
 48392 | Elf:3    | Gained mutation: You are frail. (-10% HP) [a neqoxec]
 48897 | Elf:3    | Received a gift from Okawaru
 48904 | Elf:3    | Reached XP level 22. HP: 107/186 MP: 23/23
 49241 | Elf:3    | Identified the Almanac of Gliding Dislocation
 49263 | Elf:3    | Got a pair of steaming boots
 49268 | Elf:3    | Identified the Incunabulum of the Oath and Weightlessness
 50208 | Lair:3   | Identified the +0 pair of boots of Pan-Flutes {MR- rCorr
                  | Dex+3} (You found it on level 3 of the Elven Halls)
 50973 | Elf:2    | Received a gift from Okawaru
 51629 | Vaults:3 | Noticed Jory
 51647 | Vaults:3 | Killed Jory
 51650 | Vaults:3 | Found a stormy altar of Qazlal.
 51826 | Vaults:3 | Received a gift from Okawaru
 51836 | Vaults:3 | Identified the +9 demon blade "Hiel" {vamp, rF++ Int+4
                  | Dex-5} (Okawaru gifted it to you on level 3 of the Vaults)
 52324 | Vaults:3 | Found a staircase to the Crypt.
 52359 | Vaults:3 | Paralysed by a sphinx for 3 turns
 52503 | Vaults:3 | Received a gift from Okawaru
 52515 | Vaults:3 | Identified the +0 scimitar "Sarcophage" {vamp, Fragile rF++
                  | MR+ SInv} (Okawaru gifted it to you on level 3 of the
                  | Vaults)
 53044 | Vaults:4 | Reached XP level 23. HP: 195/195 MP: 24/24
 53222 | Vaults:4 | Received a gift from Okawaru
 53631 | Vaults:4 | Identified the +3 morningstar of Mome {freeze, rC+}
 53743 | Vaults:4 | Reached skill level 27 in Shields
 54332 | Vaults:5 | Entered Level 5 of the Vaults
 54356 | Vaults:4 | Received a gift from Okawaru
 56375 | Vaults:5 | Received a gift from Okawaru
 56606 | Vaults:5 | Reached XP level 24. HP: 208/208 MP: 24/24
 57202 | Vaults:5 | Identified the +4 bardiche of Dung {venom, rF+ rN+ Stlth+}
 57300 | Vaults:5 | Got a pair of fading gloves
 57321 | Vaults:5 | Identified the +2 pair of gloves of Dogmatism {Slay+3} (You
                  | found it on level 5 of the Vaults)
 57569 | Vaults:5 | Noticed an ancient lich
 57579 | Vaults:5 | Killed an ancient lich
 57579 | Vaults:5 | Received a gift from Okawaru
 57586 | Vaults:5 | Reached skill level 10 in Dodging
 57604 | Vaults:5 | Got a brightly glowing hat {god gift}
 57615 | Vaults:5 | Identified the +1 hat of the Orb {rC- rN++ Int+3} (Okawaru
                  | gifted it to you on level 5 of the Vaults)
 57707 | Vaults:5 | Found the +18 shield of the Gong {rElec rN+ MR+ EV-5}
 57791 | Vaults:5 | Identified the +7 lajatang "Xeut" {pain, rElec rF+ rN+
                  | Str-4} (You found it on level 5 of the Vaults)
 57799 | Vaults:5 | Got a silver rune of Zot
 57832 | Vaults:5 | Acquired 869 gold pieces
 58559 | Lair:3   | Identified a +1 pair of boots of running (Okawaru gifted it
                  | to you on level 5 of the Vaults)
 58998 | Crypt:1  | Entered Level 1 of the Crypt
 59084 | Crypt:1  | Noticed Xtahua
 59103 | Crypt:1  | Killed Xtahua
 59863 | Crypt:1  | Received a gift from Okawaru
 59921 | Crypt:1  | Noticed Boris
 59945 | Crypt:1  | Killed Boris
 60457 | Crypt:2  | Noticed an ancient lich
 60467 | Crypt:2  | Killed an ancient lich
 60467 | Crypt:2  | Received a gift from Okawaru
 60496 | Crypt:2  | Reached XP level 25. HP: 191/220 MP: 24/24
 60929 | Crypt:2  | Received a gift from Okawaru
 61031 | Crypt:3  | Entered Level 3 of the Crypt
 61567 | Crypt:3  | Noticed an ancient lich
 61572 | Crypt:3  | Killed an ancient lich
 61620 | Crypt:3  | Received a gift from Okawaru
 61862 | Crypt:3  | Found an ancient bone altar of Kikubaaqudgha.
 62066 | Crypt:3  | Found a staircase to the Tomb.
 62482 | Depths:1 | Entered Level 1 of the Depths
 62522 | Depths:1 | Found a gateway to a ziggurat.
 62946 | Depths:1 | Found a gateway to Hell.
 63369 | Depths:1 | Found a one-way gate leading to the halls of Pandemonium.
 63747 | Depths:2 | Reached skill level 5 in Stealth
 63794 | Depths:2 | Received a gift from Okawaru
 64242 | Depths:2 | Found a corrupted altar of Lugonu.
 64242 | Depths:2 | Found a one-way gate to the infinite horrors of the Abyss.
 64579 | Depths:2 | Identified the +5 hand axe "Duazass" {freeze, +Rage MR+++
                  | Dex+5 Stlth-}
 65032 | Depths:2 | Reached XP level 26. HP: 221/234 MP: 24/24
 65099 | Depths:2 | Found a broken altar of Ashenzari.
 65907 | Depths:2 | Found Dezaomae's General Store.
 65981 | Depths:2 | Found a sparkling altar of Nemelex Xobeh.
 66006 | Depths:2 | Found Qagatut's Miraculous Elixirs.
 66093 | Depths:2 | Found The Legendary Keoh's Legendary Smithy.
 66322 | Depths:2 | Found an ancient bone altar of Kikubaaqudgha.
 66484 | Depths:3 | Noticed the Enchantress
 66495 | Depths:3 | Killed the Enchantress
 66496 | Depths:3 | Received a gift from Okawaru
 66499 | Depths:3 | Reached skill level 27 in Long Blades
 66964 | Depths:3 | Received a gift from Okawaru
 67025 | Depths:3 | Identified the +0 lajatang "Giapilint" {freeze, Fragile
                  | +Blink Str+2} (Okawaru gifted it to you on level 3 of the
                  | Depths)
 67319 | Depths:3 | Received a gift from Okawaru
 68159 | Depths:3 | Reached skill level 27 in Fighting
 68571 | Depths:4 | Noticed Margery
 68618 | Depths:4 | Killed Margery
 68629 | Depths:4 | Noticed Mennas
 69219 | Depths:4 | Noticed Frederick
 69378 | Depths:3 | Killed Mennas
 69397 | Depths:3 | Killed Frederick
 69576 | Depths:4 | Received a gift from Okawaru
 69842 | Depths:4 | Reached XP level 27. HP: 206/245 MP: 24/24
 70304 | Depths:4 | Acquired 847 gold pieces
 71451 | Depths:5 | Entered Level 5 of the Depths
 71459 | Depths:5 | Received a gift from Okawaru
 71479 | Depths:5 | Noticed a juggernaut
 71486 | Depths:5 | Killed a juggernaut
 71518 | Depths:5 | Identified the +0 kite shield "Xyis" {Str-3 Int+3 Dex+4}
                  | (Okawaru gifted it to you on level 5 of the Depths)
 71849 | Depths:5 | Noticed a juggernaut
 71857 | Depths:5 | Killed a juggernaut
 72269 | Depths:5 | Found Iqiril's Antique Weapon Shoppe.
 72574 | Depths:5 | Found a gate to the Realm of Zot.
 73075 | Zot:1    | Entered Level 1 of the Realm of Zot
 73082 | Zot:1    | Identified the +4 dragonskin cloak
 73082 | Zot:1    | Noticed Tiamat
 73100 | Depths:5 | Received a gift from Okawaru
 73361 | Depths:5 | Killed Tiamat
 74484 | Zot:1    | HP: 11/245 [white draconian monk (24)]
 74484 | Zot:1    | HP: 3/245 [white draconian monk (8)]
 74493 | Zot:1    | HP: 7/245 [electric golem/bolt of lightning (18)]
 75398 | Zot:1    | Received a gift from Okawaru
 75403 | Zot:1    | Identified the +1 scimitar of Accidental Termination
                  | {freeze, rF+ rN+ Int+2 Dex+4} (Okawaru gifted it to you on
                  | level 1 of the Realm of Zot)
 76846 | Lair:3   | Acquired 1075 gold pieces
 77808 | Zot:3    | Received a gift from Okawaru
 77811 | Zot:3    | Got a heavily runed kite shield {god gift}
 77812 | Zot:3    | Identified the +0 kite shield of the Armadillo {Rampage
                  | +Blink MR+ Stlth+} (Okawaru gifted it to you on level 3 of
                  | the Realm of Zot)
 78458 | Zot:4    | Reached skill level 27 in Armour
 78465 | Zot:4    | Reached skill level 5 in Invocations
 78476 | Zot:5    | Entered Level 5 of the Realm of Zot
 78505 | Zot:4    | Reached skill level 15 in Dodging
 79022 | Zot:4    | Noticed an orb of fire
 79022 | Zot:4    | Noticed an orb of fire
 79030 | Zot:4    | Gained mutation: You are very frail. (-20% HP) [an orb of
                  | fire]
 79034 | Zot:4    | Killed an orb of fire
 79037 | Zot:4    | Gained mutation: Your body sometimes deteriorates upon
                  | taking damage. [an orb of fire]
 79049 | Zot:4    | Killed an orb of fire
 79774 | Zot:4    | Received a gift from Okawaru
 80555 | Hell     | Entered the Vestibule of Hell
 80555 | Hell     | Noticed Geryon
 80564 | Hell     | Killed Geryon
 80572 | Hell     | Noticed Murray
 80608 | Hell     | Noticed an ancient lich
 80617 | Depths:4 | Killed Murray
 81016 | Hell     | Received a gift from Okawaru
 81020 | Depths:4 | Killed an ancient lich
 82581 | Slime:1  | Entered Level 1 of the Pits of Slime
 82592 | Slime:1  | Gained mutation: Your magical capacity is low. (-10% MP) [a
                  | shining eye]
 82595 | Slime:1  | Gained mutation: You are dopey. (Int -2) [a shining eye]
 82727 | Slime:5  | Entered Level 5 of the Pits of Slime
 82758 | Slime:5  | Noticed the Royal Jelly
 83202 | Slime:5  | Gained mutation: You tend to lose your temper in combat. [a
                  | shining eye]
 83252 | Slime:5  | Gained mutation: You often lose your temper in combat. [a
                  | shining eye]
 83257 | Slime:5  | Gained mutation: You are weak. (Str -2) [a shining eye]
 83266 | Slime:5  | Gained mutation: Scrolls take you a little longer to read.
                  | [a shining eye]
 83698 | Slime:4  | Received a gift from Okawaru
 83832 | Slime:5  | Killed the Royal Jelly
 84295 | Slime:5  | Found the +9 heavy crossbow "Sniper" {vorpal, Acc+∞ SInv}
 84308 | Slime:5  | Got a slimy rune of Zot
 84310 | Slime:5  | Got a coiled bone ring
 84313 | Slime:5  | Identified the ring of Sovereignty {+Inv rPois rN+ Dex-4
                  | Stlth-} (You found it on level 5 of the Pits of Slime)
 84846 | Lair:3   | Lost mutation: You are very frail. (-20% HP) [potion of
                  | mutation]
 84846 | Lair:3   | Lost mutation: Your body sometimes deteriorates upon taking
                  | damage. [potion of mutation]
 84846 | Lair:3   | Lost mutation: You are dopey. (Int -2) [potion of mutation]
 84846 | Lair:3   | Gained mutation: You are clumsy. (Dex -2) [potion of
                  | mutation]
 84846 | Lair:3   | Gained mutation: You have large cloven feet. [potion of
                  | mutation]
 84907 | Lair:3   | Lost mutation: You are frail. (-10% HP) [potion of
                  | mutation]
 84907 | Lair:3   | Lost mutation: You often lose your temper in combat.
                  | [potion of mutation]
 84907 | Lair:3   | Lost mutation: Scrolls take you a little longer to read.
                  | [potion of mutation]
 84907 | Lair:3   | Gained mutation: You are resistant to hostile enchantments.
                  | (MR+) [potion of mutation]
 84907 | Lair:3   | Lost mutation: You are weak. (Str -2) [potion of mutation]
 84907 | Lair:3   | Gained mutation: You have hoof-like feet. [potion of
                  | mutation]
 85224 | Depths:2 | Bought a potion of mutation for 400 gold pieces
 85224 | Depths:2 | Bought a potion of mutation for 400 gold pieces
 85224 | Depths:2 | Bought a potion of mutation for 400 gold pieces
 85224 | Depths:2 | Bought a potion of mutation for 400 gold pieces
 85224 | Depths:2 | Bought a potion of mutation for 400 gold pieces
 85224 | Depths:2 | Bought a potion of mutation for 400 gold pieces
 85224 | Depths:2 | Bought a potion of mutation for 400 gold pieces
 85224 | Depths:2 | Bought a potion of mutation for 400 gold pieces
 85224 | Depths:2 | Bought a potion of mutation for 400 gold pieces
 85224 | Depths:2 | Bought a potion of mutation for 400 gold pieces
 85671 | Orc:2    | Bought a scroll of enchant armour for 82 gold pieces
 87293 | Hell     | Found a gateway to the ashen valley of Gehenna.
 87400 | Geh:1    | Entered Level 1 of Gehenna
 87499 | Geh:1    | Found an ancient bone altar of Kikubaaqudgha.
 89837 | Zig:1    | Entered Level 1 of a ziggurat
 89857 | Zig:2    | Entered Level 2 of a ziggurat
 89930 | Zig:3    | Entered Level 3 of a ziggurat
 89958 | Zig:3    | Got a heavily runed golden ring
 89962 | Zig:3    | Identified the ring "Umom" {+Inv rF++ Str-2 Stlth-} (You
                  | found it on level 3 of a ziggurat)
 89968 | Zig:4    | Entered Level 4 of a ziggurat
 89971 | Zig:4    | Noticed Sienilin the pandemonium lord
 89977 | Zig:4    | Killed Sienilin the pandemonium lord
 90027 | Zig:5    | Entered Level 5 of a ziggurat
 90264 | Zig:6    | Entered Level 6 of a ziggurat
 90461 | Zig:7    | Entered Level 7 of a ziggurat
 90470 | Zig:7    | Noticed Zaos the pandemonium lord
 90480 | Zig:7    | Reached skill level 10 in Invocations
 90485 | Zig:7    | Killed Zaos the pandemonium lord
 90485 | Zig:7    | Received a gift from Okawaru
 90514 | Zig:7    | Identified the +2 kite shield of Ragalan {rElec rC+ Int+3
                  | Dex-4 SInv} (Okawaru gifted it to you on level 7 of a
                  | ziggurat)
 90525 | Zig:7    | Identified the Papyrus of Flamy Attacks
 90653 | Zig:8    | Entered Level 8 of a ziggurat
 90784 | Zig:8    | Identified the +0 kite shield "Keck" {rPois Regen+ Str-3
                  | Int-3} (You found it on level 8 of a ziggurat)
 90789 | Zig:8    | Identified the +6 scimitar of Qaqell {antimagic, Dex+6}
                  | (You found it on level 8 of a ziggurat)
 90993 | Zig:9    | Entered Level 9 of a ziggurat
 91057 | Zig:9    | Got a bound bone ring
 91058 | Zig:9    | Identified the ring of Joguh {Wiz rC++ Int+5} (You found it
                  | on level 9 of a ziggurat)
 91070 | Zig:9    | Identified the Tome of the Congealing Mountains
 91092 | Zig:10   | Entered Level 10 of a ziggurat
 91662 | Zig:11   | Entered Level 11 of a ziggurat
 91787 | Zig:11   | Identified the cursed +1 long sword of Fear {vorpal, rN++
                  | Str+3} (You found it on level 11 of a ziggurat)
 91915 | Zig:12   | Entered Level 12 of a ziggurat
 92023 | Zig:12   | Identified the Incunabulum of Dusty Weightlessness
 92027 | Zig:12   | Identified the Disquisition on Battle Magic and the
                  | Snowflakes
 92116 | Zig:13   | Entered Level 13 of a ziggurat
 92172 | Zig:13   | Received a gift from Okawaru
 92663 | Zig:13   | Found the +7 mace of Variability {chain chaos}
 92664 | Zig:13   | Found the +4 moon troll leather armour {Spirit, Regen++
                  | MP+5}
 92665 | Zig:13   | Found the +7 Singing Sword {vorpal, sonic wave}
 92671 | Zig:13   | Got a shimmering garnet amulet
 92672 | Zig:13   | Identified the amulet "Kihydweb" {Spirit *Contam rF+ Str+2
                  | Stlth+} (You found it on level 13 of a ziggurat)
 92725 | Zig:14   | Entered Level 14 of a ziggurat
 92838 | Zig:14   | Got a steaming plate armour
 92841 | Zig:15   | Entered Level 15 of a ziggurat
 93228 | Zig:15   | Identified the +8 plate armour of Cowardice {rC+ Str+4}
                  | (You found it on level 14 of a ziggurat)
 93229 | Zig:15   | Acquired 527 gold pieces
 93253 | Zig:15   | Noticed a juggernaut
 93257 | Zig:15   | Noticed a juggernaut
 93264 | Zig:15   | Killed a juggernaut
 93276 | Zig:15   | Killed a juggernaut
 93467 | Zig:15   | Identified Jonutt's Collected Works on Arcane Weapons
 93479 | Zig:15   | Reached skill level 1 in Spellcasting
 93479 | Zig:15   | Reached skill level 5 in Evocations
 93482 | Zig:15   | Got a steaming bronze ring
 93536 | Zig:15   | Identified the ring of Teur {rPois rF+} (You found it on
                  | level 15 of a ziggurat)
 93660 | Zig:16   | Entered Level 16 of a ziggurat
 93671 | Zig:16   | Noticed Launeuxt the pandemonium lord
 93696 | Zig:16   | Killed Launeuxt the pandemonium lord
 93701 | Zig:16   | Noticed Wih Vyu the pandemonium lord
 93702 | Zig:16   | Noticed Tuloruf the pandemonium lord
 93703 | Zig:16   | Noticed Idiofumo the pandemonium lord
 93713 | Zig:16   | Noticed Ygox the pandemonium lord
 93714 | Zig:16   | Killed Tuloruf the pandemonium lord
 93714 | Zig:16   | Received a gift from Okawaru
 93732 | Zig:16   | Killed Ygox the pandemonium lord
 93743 | Zig:16   | Killed Wih Vyu the pandemonium lord
 93747 | Zig:16   | Killed Idiofumo the pandemonium lord
 93759 | Zig:16   | Killed from afar by a Killer Klown

Illustrated notes

Levels and vault maps discovered:
D:1:      dpeg_arrival_castle, layout_basic, minmay_strange_pillars,
          amethyst_killhole
D:2:      layout_loops_corners, gammafunk_temple_overflow_pools,
          nicolae_overflow_hidden_temple, uniq_robin, uniq_jessica
D:3:      layout_basic, uniq_grinder
D:4:      layout_basic, minmay_temple_entry_statues_fountains,
          gup_sewer_entry_bowl, tso_altar
D:5:      layout_cave_pools, serial_shops, nicolae_shop_stone
D:6:      layout_basic
D:7:      layout_loops_ring, grunt_temple_overflow_open, serial_shops, shop,
          gammafunk_ghost_stat_death, st_stairs_8
D:8:      layout_layer_cave, marbit_many_paths, uniq_gastronok
D:9:      cheibrodos_ideogram_h, layout_gridville, serial_shops, shop_fountains,
          minmay_statues_item, minivault_12
D:10:     layout_loops_cross, basic_altar
D:11:     layout_roguey, lair_entry_dummy, david_orc_5
D:12:     layout_basic, serial_shops, shop, eino_small_chamber_without_monster
D:13:     layout_basic, grunt_vaults_entry_tiered, serial_shops, shop,
          uniq_nessos, uniq_erolcha
D:14:     layout_basic, serial_bayou_lagoon_a, gauntlet_entry_generic,
          serial_shops, kennysheep_little_box, grunt_dithmenos_smoke
D:15:     gammafunk_depths_entry_grave, layout_long_grid, fedhas_altar_1,
          uniq_roxanne, uniq_azrael
Temple:   regret_index_temple_sphere_string
Lair:1:   layout_layer_cave, grunt_megastairs_4
Lair:2:   layout_regular_city, minmay_swamp_entry_swarm, spider_nest_entry_a,
          eino_house_with_fridge
Lair:3:   layout_cave_pods, serial_bayou_shore_b, uniq_urug, uniq_rupert
Lair:4:   layout_layer_cave, fungi_pond_lemuel
Lair:5:   gammafunk_cloud_chamber, layout_regular_city, slime_altar_1,
          ebering_ghost_reflecting_pool
Lair:6:   evilmike_catoblepas_cave, layout_gridlike
Swamp:1:  layout_basic_swamp, serial_swamp_ruin, evilmike_swamp_ruin_house_2,
          evilmike_swamp_ruin_rubble_2, swamp_pool3, infiniplex_staircase_pool
Swamp:2:  layout_basic_swamp, evilmike_swamp_ruin_house_5, swamp_pool2
Swamp:3:  cheibrodos_swamp_tower_of_moss, layout_basic_swamp,
          nicolae_swamp_feature_on_the_river_bank, swamp_pool1
Swamp:4:  swamp_alternative, layout_basic_swamp
Spider:1: layout_spider_delve
Spider:2: layout_spider_delve, drop_trap
Spider:3: nicolae_spider_corner, uniq_agnes
Spider:4: guppyfry_spider_rune, ebering_ghost_rock_garden, uniq_arachne
Slime:1:  layout_caves
Slime:2:  layout_caves, uniq_dissolution
Slime:3:  layout_caves
Slime:4:  layout_caves
Slime:5
Orc:1:    giant_chief_lemuel, layout_caves, portal_ice_cave_entry_pillars_1,
          serial_shops, shop
Orc:2:    st_orc_open, layout_caves, guppyfry_library_mini, uniq_josephine,
          uniq_sonja
Elf:1:    layout_gridlike, gammafunk_ghost_split, minmay_elf_sorcery,
          st_stairs_3, minmay_strange_pillars, minivault_23, moated_statue,
          item_on_display_a
Elf:2:    layout_geoelf_grid, dk_noncrumbling_2, grunt_ministairs_11
Elf:3:    minmay_elf_hall_not_hex, layout_geoelf_castle, sword_in_stone
Vaults:1: v_misc_4, v_rooms_5, v_misc_3, vaults_room_pools,
          hangedman_vaults_nails, nicolae_vaults_ninety_degrees,
          nicolae_vaults_little_ls, vaults_room_ringed_pool,
          ontoclasm_vaults_gallery, vaults_dpeg_diagonal, layout_vaults_ring,
          serial_shops, nicolae_shop_crystal
Vaults:2: vaults_mumra_chevron_long, v_alt_pattern_3, ontoclasm_vaults_chip,
          grunt_vaults_diagonal, v_rooms_3, nicolae_vaults_mini_display_case,
          hangedman_vaults_cutoff, v_misc_9, v_alt_pattern_6,
          ontoclasm_vaults_bender, vaults_room_fancy_cross,
          grunt_vaults_hallway_short, vaults_room_fancy_cross,
          ontoclasm_vaults_idyll, nicolae_vaults_little_squares_3, st_lines,
          layout_vaults_maze, serial_shops, shop_fountains, uniq_boris
Vaults:3: minmay_crypt_entry_simple_corners, ontoclasm_vaults_pinch,
          nicolae_vaults_theta, hangedman_vaults_locks, vaults_room_pool,
          nicolae_vaults_network_quinsquares
          [nicolae_vaults_network_quincunx_subvault,
          nicolae_vaults_network_quincunx_subvault,
          nicolae_vaults_network_quincunx_subvault,
          nicolae_vaults_network_quincunx_subvault],
          nicolae_vaults_an_arrangement, nicolae_vaults_network_periphery,
          ontoclasm_vaults_ligature, v_misc_28, nicolae_vaults_specimen_jars,
          layout_vaults_omnibox, basic_altar, uniq_jory
Vaults:4: vaults_dpeg_ring, v_misc_16, hangedman_vaults_river_flow,
          dpeg_vaults_monster_row, v_misc_10,
          nicolae_vaults_windows_and_doors_thing, hangedman_vaults_snaps,
          ontoclasm_vaults_idyll, nicolae_vaults_theta,
          hangedman_vaults_capsules, vaults_dpeg_encased_lava,
          layout_vaults_quadrants
Vaults:5: serial_shops
Crypt:1:  layout_catacombs, minivault_14, uniq_xtahua
Crypt:2:  layout_gridlike, columned_hall_lemuel
Crypt:3:  cryptofortress_bobbens
Depths:1: layout_honeycomb, enter_ziggurat_a, hangedman_coc_ice_floe,
          rand_demon_pan_entry_9, minmay_tree_intersection,
          kilobyte_rumbling_trees
Depths:2: grated_community_mu [grated_community_mu_vampire_home,
          grated_community_mu_giant_home, grated_community_mu_spellcaster_home,
          grated_community_mu_orcish_home, grated_community_mu_troll_home,
          grated_community_mu_taur_home, grated_community_mu_unbuilt_plot],
          layout_honeycomb, abyss_entry_flame_altar, nrook_mini_backslash,
          hell_entry, kilobyte_mutagenic_chamber
Depths:3: hangedman_crystal_crosses_colossus [crystal_crosses_arms_four,
          crystal_crosses_arms_four, crystal_crosses_arms_two,
          crystal_crosses_arms_one], abyss_entry, pan_entry, hell_entry,
          uniq_enchantress
Depths:4: hangedman_arch_fort, layout_cave_pools, pf_hell_entry_tar_river,
          chequers_big_river, abyss_entry_small_statue_room, uniq_frederick,
          uniq_margery, uniq_mennas
Depths:5: grunt_zot_entry_alcove, layout_gridville, serial_rivers,
          chequers_serial_rivers_micro_e, chequers_serial_rivers_micro_b,
          chequers_serial_rivers_micro_c, chequers_serial_rivers_micro_c,
          chequers_serial_rivers_micro_c, chequers_serial_rivers_micro_b,
          serial_shops, nicolae_shop_behind_doors, rand_demon_pan_entry_7,
          hell_entry, drop_trap, serial_bayou_shore_b
Hell
Geh:1:    layout_gehenna_pools_triple, lemuel_hellish_altar
Zot:1:    layout_twisted_circle, grunt_ministairs_13, uniq_tiamat
Zot:2:    layout_misc_corridors
Zot:3:    layout_gridlike, grunt_megastairs_2
Zot:4:    grunt_deathspiral_small, layout_onion_interference
Zot:5:    layout_misc_corridors, grunt_ministairs_15
Zig:16

Skill      XL: |  1  2  3  4  5  6  7  8  9 10 11 12 13 14 15 16 17 18 19 20 21 22 23 24 25 26 27 |
---------------+----------------------------------------------------------------------------------+-----
Armour         | 4 5 6 8 9 10 12 13 14 15 16 17 18 19 20 22 27 | 27.0
Shields        | 4 5 6 7 8 10 12 14 16 17 19 20 21 22 23 24 25 26 27 | 27.0
Fighting       | 4 5 6 7 9 10 11 13 14 15 16 17 18 19 20 22 24 25 27 | 27.0
Long Blades    | 3 5 6 9 11 12 13 14 15 16 17 18 19 20 21 22 23 24 26 27 | 27.0
Dodging        | 1 2 3 4 6 8 9 10 11 22 | 22.7
Invocations    | 1 2 3 14 | 14.3
Stealth        | 2 3 4 5 9 |  9.8
Evocations     | 1 5 |  5.0
Crossbows      | 1 2 |  2.6
Unarmed Combat | 1 2 |  2.4
Transmutations | 1 |  1.1
Throwing       | 2 |  2.0
Spellcasting   | 1 |  1.3

Action                   |  1- 3 |  4- 6 |  7- 9 | 10-12 | 13-15 | 16-18 | 19-21 | 22-24 | 25-27 || total
-------------------------+-------+-------+-------+-------+-------+-------+-------+-------+-------++-------
Melee: Long sword        |    54 |   143 |   445 |   473 |       |       |       |       |       ||  1115
       Headbutt          |     4 |    28 |    85 |   339 |   414 |   458 |   305 |   440 |   868 ||  2941
       Unarmed           |       |    14 |       |       |       |       |       |       |     1 ||    15
       Falchion          |       |       |       |   495 |   184 |       |       |       |       ||   679
       Scimitar          |       |       |       |       |    69 |       |       |       |       ||    69
       Double sword      |       |       |       |       |   495 |   322 |   832 |  1164 |  2425 ||  5238
       Demon blade       |       |       |       |       |   383 |   917 |    40 |       |       ||  1340
 Fire: Hand crossbow     |       |       |       |       |       |       |       |       |    20 ||    20
Invok: Heroism           |       |       |     6 |    24 |     9 |     2 |     4 |     3 |    24 ||    72
       Finesse           |       |       |       |     1 |       |       |       |       |     3 ||     4
Evoke: Wand              |       |       |       |     4 |     9 |       |     4 |       |     3 ||    20
  Use: Potion            |     2 |     1 |     1 |     6 |     1 |     1 |     6 |     1 |    23 ||    42
       Scroll            |     1 |       |    12 |    12 |     7 |    15 |    18 |    20 |    46 ||   131
 Stab: Paralysed         |       |       |       |     6 |     3 |       |       |       |       ||     9
       Sleeping          |       |       |       |       |       |     9 |       |       |       ||     9
       Distracted        |       |       |       |       |       |       |       |       |     3 ||     3
       Confused          |       |       |       |       |       |       |       |       |     2 ||     2
Armor: Scale mail        |    27 |    33 |       |       |       |       |       |       |       ||    60
       Skin              |       |     1 |       |       |       |       |       |       |       ||     1
       Chain mail        |       |    26 |   143 |       |       |       |       |       |       ||   169
       Plate armour      |       |       |    58 |   234 |   445 |   105 |   288 |   344 |   924 ||  2398
       Crystal plate arm |       |       |       |   112 |    56 |       |       |       |       ||   168
       Swamp dragon scal |       |       |       |       |       |   445 |    16 |       |       ||   461
Dodge: Dodged            |    19 |    44 |   109 |   195 |   324 |   718 |   335 |   385 |   831 ||  2960
Block: Kite shield       |    39 |    84 |   269 |   644 |  1192 |  1428 |   772 |  1328 |  4325 || 10081
       Rpst.: Long sword |     6 |    11 |    30 |    19 |       |       |       |       |       ||    66
       Falchion          |       |       |       |    17 |    12 |       |       |       |       ||    29
       Scimitar          |       |       |       |       |     6 |       |       |       |       ||     6
       Double sword      |       |       |       |       |    34 |    53 |    46 |    60 |   155 ||   348
       Demon blade       |       |       |       |       |    23 |    66 |     2 |       |       ||    91

Table legend: (Time is in decaauts)
 A = Elapsed time spent in this place.
 B = Non-inter-level travel time spent in this place.
 C = Inter-level travel time spent in this place.
 D = Time resting spent in this place.
 E = Time spent auto-exploring this place.
 F = Levels seen in this place.
 G = Mean time per level.
                   A        B        C        D        E       F      G
               +--------+--------+--------+--------+--------+-----+--------+
         Total |  92172 |  80556 |  11616 |  16778 |  38607 |  79 | 1166.7 |
       Dungeon |  20658 |  16227 |   4431 |   1920 |  10050 |  15 | 1377.2 |
        Temple |    296 |    296 |      0 |      0 |    222 |   1 |  296.0 |
          Lair |  11561 |   9030 |   2531 |    354 |   4690 |   6 | 1926.8 |
         Swamp |   4307 |   4101 |    206 |    472 |   2475 |   4 | 1076.8 |
   Spider Nest |   5484 |   5025 |    459 |    580 |   3056 |   4 | 1371.0 |
    Slime Pits |   2165 |   2124 |     41 |   1342 |    303 |   5 |  433.0 |
  Orcish Mines |   2511 |   2066 |    445 |    225 |    982 |   2 | 1255.5 |
   Elven Halls |   4752 |   4276 |    476 |    342 |   2008 |   3 | 1584.0 |
        Vaults |  10485 |   9123 |   1362 |   1577 |   4128 |   5 | 2097.0 |
         Crypt |   3225 |   3141 |     84 |    293 |   1995 |   3 | 1075.0 |
        Depths |  12726 |  11454 |   1272 |   4103 |   5063 |   5 | 2545.2 |
          Hell |   1047 |   1004 |     43 |    743 |      4 |   1 | 1047.0 |
       Gehenna |    610 |    610 |      0 |      0 |    129 |   1 |  610.0 |
           Zot |   5336 |   5074 |    262 |   1482 |   2826 |   5 | 1067.2 |
      Ziggurat |   3788 |   3788 |      0 |   2351 |     15 |  16 |  236.8 |
         Sewer |   1047 |   1047 |      0 |      0 |    594 |   1 | 1047.0 |
      Ice Cave |    622 |    622 |      0 |    223 |     54 |   1 |  622.0 |
      Gauntlet |   1546 |   1546 |      0 |    770 |     10 |   1 | 1546.0 |
               +--------+--------+--------+--------+--------+-----+--------+

Top non-repeatable levels by time:
  Lair:3: 4092 daAuts
Depths:5: 2981 daAuts
Depths:2: 2737 daAuts
Depths:3: 2701 daAuts
Vaults:5: 2672 daAuts
Depths:4: 2636 daAuts
Vaults:4: 2484 daAuts
    D:11: 2275 daAuts
  Lair:1: 2233 daAuts
     D:9: 2229 daAuts
   Elf:3: 1965 daAuts
   Zot:4: 1939 daAuts
Vaults:2: 1920 daAuts
    D:14: 1856 daAuts
Vaults:3: 1737 daAuts
